AoeStats
← Chris

Hill Fort

506995000Analyzed
4v4 RM · 17d ago on Sep 16, 2026· 58m 58s· 8 players
Game mode
Random Map
Map size
Large (8 player)
Population
200
Speed
Normal
Resources
Standard
Victory
Conquest
Starting age
Dark Age
Ending age
Imperial Age
RankedLock teamsTeams togetherTeam positionsShared explorationLock speedFull tech treeHidden civsTurbo modeCheats
Victory
Defeat
🇦🇺 Poles · Australia
1351
+14
🇭🇰 Mongols · Hong Kong SAR China
1351
+14
🇦🇺 Portuguese · Australia
1316
+15
🇺🇸 Persians · United States
1245
+19
🇲🇽 Khitans · Mexico
1343
-17
🇲🇽 Mapuche · Mexico
1306
-16
🇺🇸 Persians · United States
1290
-15
🇲🇽 Cumans · Mexico
1269
-14
Chris
13:19 Feudal Age
14:31 Horse Collar
15:00 Double-Bit Axe
17:35 Castle Age
16:46 Bloodlines
17:48 Gold Mining
18:22 Scale Barding Armor
18:32 Forging
19:52 Scale Barding Armor
24:35 Wheelbarrow
23:45 Loom
23:46 Town Watch
25:10 Heavy Plow
26:57 Chain Barding Armor
33:43 Gold Shaft Mining
33:32 Husbandry
37:32 Fletching
37:43 Scale Mail Armor
40:59 Bow Saw
:) Regresa rocha moya
7:19 Loom
9:34 Feudal Age
23:16 Wheelbarrow
23:45 Town Watch
27:38 Castle Age
25:47 Fishing Lines
27:13 Double-Bit Axe
27:43 Capped Ram
28:58 Horse Collar
34:00 Gold Mining
34:01 Stone Mining
35:06 Hand Cart
34:51 Town Patrol
38:35 Imperial Age
38:58 Forging
38:54 Scale Barding Armor
39:03 Bloodlines
39:06 Gillnets
39:37 Steppe Husbandry
39:58 Conscription
40:43 Elite Steppe Lancer
42:00 Iron Casting
41:46 Chain Barding Armor
45:13 Blast Furnace
44:49 Plate Barding Armor
48:22 Fletching
50:11 Bodkin Arrow
54:18 Scale Mail Armor
57:26 Pikeman
58:06 Squires
57:52 Arson
58:20 Bow Saw
59:26 Chain Mail Armor
:) Tu tu ruuuu
2:41 Loom
10:06 Feudal Age
11:47 Horse Collar
19:32 Castle Age
18:01 Double-Bit Axe
18:18 Gold Mining
19:06 Fletching
20:19 Bodkin Arrow
24:13 Padded Archer Armor
25:14 Ballistics
28:42 Leather Archer Armor
39:09 Forging
59:02 Imperial Age
:) YO30830
7:29 Loom
9:48 Feudal Age
10:14 Double-Bit Axe
12:04 Man-at-Arms
15:58 Forging
18:35 Scale Mail Armor
25:18 Castle Age
24:24 Gold Mining
25:22 Pikeman
26:47 Iron Casting
26:47 Gambesons
27:02 Squires
27:09 Squires
28:05 Bow Saw
28:23 Chain Mail Armor
42:50 Imperial Age
40:29 Lamellar Armor
51:28 Elite Fire Lancer
53:14 Wheelbarrow
54:44 Plate Mail Armor
56:05 Conscription
56:17 Elite Skirmisher
57:32 Stone Mining
59:00 Padded Archer Armor
58:51 Fletching
Showergod
10:38 Feudal Age
11:09 Horse Collar
11:22 Double-Bit Axe
11:55 Loom
12:37 Gold Mining
12:16 Man-at-Arms
28:14 Castle Age
26:22 Fletching
28:05 Padded Archer Armor
29:21 Wheelbarrow
29:06 Bow Saw
30:54 Stone Mining
31:18 Bodkin Arrow
31:40 Elite Skirmisher
33:21 Hand Cart
34:54 Ballistics
42:36 Leather Archer Armor
42:37 Crossbowman
44:20 Ballistics
44:56 Kamandaran
47:00 Thumb Ring
48:35 Heavy Plow
52:36 Imperial Age
50:22 Hand Cart
50:36 Squires
54:04 Chemistry
54:54 Pikeman
55:53 Bloodlines
55:44 Husbandry
56:54 Forging
56:45 Scale Mail Armor
56:09 Halberdier
58:57 Iron Casting
59:08 Caravan
Boga
9:27 Feudal Age
10:06 Double-Bit Axe
10:04 Horse Collar
12:50 Loom
18:00 Bloodlines
17:44 Gold Mining
20:06 Castle Age
18:49 Forging
20:30 Scale Barding Armor
21:33 Iron Casting
25:19 Wheelbarrow
25:45 Husbandry
27:19 Chain Barding Armor
33:21 Heavy Plow
35:33 Hand Cart
36:10 Fletching
47:55 Stone Mining
48:02 Bodkin Arrow
49:42 Town Watch
51:12 Ballistics
51:03 Masonry
53:48 Imperial Age
52:28 Bow Saw
52:22 Circumnavigation
53:15 Town Patrol
53:49 Cavalier
55:05 Plate Barding Armor
55:31 Blast Furnace
55:00 Bracer
56:06 Chemistry
55:37 Architecture
55:59 Crop Rotation
Josephine Explosiphine
6:33 Loom
9:35 Feudal Age
10:00 Horse Collar
10:07 Double-Bit Axe
15:39 Wheelbarrow
17:00 Scale Barding Armor
17:23 Forging
18:21 Bloodlines
20:26 Gold Mining
23:31 Castle Age
24:19 Heavy Plow
24:32 Bow Saw
24:12 Light Cavalry
24:53 Husbandry
25:29 Iron Casting
25:56 Szlachta Privileges
28:17 Chain Barding Armor
28:33 Iron Casting
32:31 Stone Mining
38:35 Hand Cart
39:28 Stone Shaft Mining
38:57 Fletching
39:28 Town Watch
42:51 Imperial Age
42:10 Bodkin Arrow
42:42 Treadmill Crane
43:25 Cavalier
45:05 Blast Furnace
44:11 Bracer
44:31 Conscription
47:07 Crop Rotation
50:07 Hoardings
49:52 Lechitic Legacy
51:54 Chemistry
51:15 Ballistics
51:09 Masonry
51:02 Scale Mail Armor
52:37 Coinage
53:11 Winged Hussar
53:58 Squires
53:43 Arson
53:25 Elite Obuch
53:36 Sappers
武帝曹操
3:00 Loom
11:15 Feudal Age
16:43 Castle Age
23:46 Scale Barding Armor
25:37 Husbandry
35:03 Fletching
36:10 Wheelbarrow
44:04 Imperial Age
43:03 Double-Bit Axe
43:42 Bodkin Arrow
48:18 Gold Mining
51:27 Parthian Tactics
56:06 Gold Shaft Mining
56:08 Padded Archer Armor
57:09 Leather Archer Armor
59:13 Bracer
Connection lost

Rejoining the realm…

Still unreachable

The connection could not be restored.

Session expired

The server has moved on; the page needs a fresh start.